 Dungeon Crawl Stone Soup version 0.29.1-1-gd02db6906a (webtiles) character file.

Game seed: 13590293843404668255

22279 croobank the Spry (level 12, -3/61 HPs)
             Began as a Felid Summoner on Oct 22, 2022.
             Was an Initiate of Gozag.
             Slain by a wolf spider (10 damage)
             ... led by a torpor snail
             ... on level 1 of the Spider Nest.
             The game lasted 01:52:21 (27320 turns).

croobank the Spry (Felid Summoner)                 Turns: 27320, Time: 01:52:22

Health: -3/61      AC:  3    Str:  1 (4)  XL:     12   Next: 61%
Magic:  24/24      EV: 27    Int: 22 (23) God:    Gozag
Gold:   3385       SH:  0    Dex: 15 (17) Spells: 18/31 levels left
                                        Lives:  0   Deaths: 4

rFire   + . .      SeeInvis +   (weapon unavailable)
rCold   + . .      Faith    .   (shield unavailable)
rNeg    + . .      Spirit   .   (body armour unavailable)
rPois   +          Reflect  .   (helmet unavailable)
rElec   .          Harm     .   (cloak unavailable)
rCorr   .          Rampage  .   (gloves unavailable)
Will    +....                   (boots unavailable)
Stlth   +++.......              h - amulet of magic regeneration
HPRegen 0.20/turn               l - ring of the Slashing Hero {*Slow rPois rF+ rN+ Int+2}
MPRegen 0.59/turn               j - ring of flight

@: lethally poisoned (-3 -> -17), flying, slowed, slow
A: very small, claws 1, fangs 3, see invisible, speed 1, shaggy fur 3, stealthy
paws, no weapons or thrown items, no armour, multi-lived, low MP 1
a: Renounce Religion, Potion Petition, Call Merchant, Bribe Branch


You were on level 1 of the Spider Nest.
You worshipped Gozag.
Gozag was most pleased with you.
You visited 5 branches of the dungeon, and saw 19 of its levels.

You collected 5225 gold pieces.
You spent 588 gold pieces at shops.
You paid 1252 gold pieces to Gozag.

Inventory:

Jewellery
 c - a ring of resist corrosion
 h - an amulet of magic regeneration (around neck)
 i - a ring of poison resistance
 j - a ring of flight (right paw)
 k - a ring of willpower
 l - the ring of the Slashing Hero (left paw) {*Slow rPois rF+ rN+ Int+2}
   (You acquired it on level 8 of the Dungeon)

   [ring of positive energy]

   Int:       It affects your intelligence (+2).
   rF:        It protects you from fire.
   rPois:     It protects you from poison.
   rN:        It protects you from negative energy.
   *Slow:     It may slow you when you take damage.
 m - a ring of ice
 p - a ring of ice
 x - an amulet of reflection
 y - a ring of wizardry
 B - a +4 ring of evasion
Wands
 f - a wand of iceblast (13)
 t - a wand of paralysis (9)
 w - a wand of mindburst (19)
 D - a wand of flame (7)
 E - a wand of quicksilver (2)
 G - a wand of polymorph (5)
Scrolls
 b - 5 scrolls of teleportation
 d - 3 scrolls of amnesia
 g - 5 scrolls of noise
 q - 2 scrolls of fog
 r - 2 scrolls of poison
 J - a scroll of magic mapping
 K - a scroll of torment
 L - a scroll of fear
 M - 2 scrolls of immolation
Potions
 a - 3 potions of magic
 n - 13 potions of curing
 o - 9 potions of ambrosia
 v - 3 potions of haste
 z - 2 potions of brilliance
 A - a potion of berserk rage
 F - 2 potions of flight
 I - 2 potions of resistance
 O - a potion of cancellation


   Skills:
 + Level 12.5 Fighting
 + Level 16.6 Dodging
 - Level 4.7 Stealth
 + Level 10.4 Spellcasting
 - Level 5.0 Hexes
 - Level 10.0 Summonings
 + Level 5.1 Transmutations
 + Level 10.8 Air Magic


You had 18 spell levels left.
You knew the following spells:

 Your Spells              Type           Power      Damage    Failure   Level
a - Summon Small Mammal   Summ           100%       N/A       1%          1
b - Call Imp              Summ           53%        N/A       1%          2
c - Call Canine Familiar  Summ           53%        N/A       1%          3
d - Summon Guardian Gole  Hex/Summ       44%        N/A       1%          3
e - Summon Lightning Spi  Summ/Air       55%        N/A       1%          4

Your spell library contained the following spells:

 Spells                   Type           Power      Damage    Failure   Level
 Static Discharge         Conj/Air       35%        3-8/arc   1%          2
 Passwall                 Tmut/Erth      18%        N/A       3%          2
 Apportation              Tloc           22%        N/A       6%          1
 Foxfire                  Conj/Fire      44%        2x1d6     6%          1
 Freeze                   Ice            44%        1d6       6%          1
 Necrotise                Necr           44%        1d6       6%          1
 Sandblast                Erth           22%        2d7       6%          1
 Inner Flame              Hex/Fire       22%        N/A       6%          3
 Cause Fear               Hex            16%        N/A       8%          4
 Conjure Flame            Conj/Fire      11%        6-21      17%         3
 Frozen Ramparts          Ice            22%        1d4       17%         3
 Gell's Gravitas          Tloc           11%        N/A       17%         3
 Ozocubu's Armour         Ice            11%        N/A       17%         3
 Stone Arrow              Conj/Erth      22%        3d8       17%         3
 Teleport Other           Tloc           11%        N/A       17%         3
 Vampiric Draining        Necr           11%        2d6       17%         3
 Lightning Bolt           Conj/Air       17%        1d32      17%         5
 Blade Hands              Tmut           17%        N/A       19%         5
 Petrify                  Tmut/Erth      22%        N/A       21%         4
 Flame Wave               Conj/Fire      11%        2d6       50%         4
 Hailstorm                Conj/Ice       11%        3d5       50%         4
 Metabolic Englaciation   Hex/Ice        11%        N/A       50%         5
 Agony                    Necr           11%        N/A       85%         5
 Storm Form               Tmut/Air       23%        N/A       88%         7
 Statue Form              Tmut/Erth      14%        N/A       97%         6
 Dragon Form              Tmut           17%        N/A       99%         7
 Haunt                    Necr/Summ      16%        N/A       99%         7
 Dispersal                Tloc           5%         N/A       100%        6
 Iron Shot                Conj/Erth      5%         9d2       100%        6
 Discord                  Hex            16%        N/A       100%        8
 Infestation              Necr           5%         N/A       100%        8
 Dragon's Call            Summ           26%        N/A       100%        9
 Animate Armour           Summ/Erth      Unusable   N/A       N/A         4
 Animate Dead             Necr           Unusable   N/A       N/A         4
 Simulacrum               Ice/Necr       Unusable   N/A       N/A         6

Dungeon Overview and Level Annotations

Branches:
Dungeon (10/15)            Temple (1/1) D:7            Lair (5/5) D:9
 Shoals (0/4) Lair:2       Spider (1/4) Lair:2        Slime (0/5) Lair:4
    Orc (2/2) D:9             Elf (0/3) Orc:2

Altars:
Ashenzari
Cheibriados
Dithmenos
Elyvilon
Fedhas
Gozag
Hepliaklqana
Makhleb
Nemelex Xobeh
Okawaru
Qazlal
Ru
Sif Muna
Trog
Uskayaw
Vehumet
Xom
Yredelemnul
Zin
The Shining One

Shops:
Orc:2 [*!=

Annotations:
D:4 1 runed translucent door, Crazy Yiuf
D:5 1 runed translucent door, plokij's ghost, novice MiFi
D:8 4 transporters
D:9 4 runed translucent doors
Lair:4 1 runed translucent door
Lair:5 2 runed translucent doors


Innate Abilities, Weirdness & Mutations

You have sharp claws.
You have razor-sharp teeth.
You have supernaturally acute eyesight. (SInv)
You cover ground quickly. (Speed+)
Your thick and shaggy fur keeps you warm. (AC +3, rC+)
Your paws help you pounce on unaware monsters.
You are incapable of wielding weapons or throwing items.
You cannot wear armour.
You gain extra lives every three experience levels.
Your magical capacity is low. (-10% MP)


Message History

A demonic crawler, a torpor snail and a wolf spider come into view.
Found a wand of flame (11), a book of Party Tricks and a chain mail.
Okay, then.
Okay, then.
Okay, then.
Unknown command.
It was a potion of degeneration.
There was something very wrong with that liquid.
You feel weakened.
You feel dopey.
You feel clumsy.
It was a potion of attraction.
You feel attractive to monsters.
You start waiting.
You feel less attractive to monsters.
You start waiting.
Done waiting.
The demonic crawler gives a hideous shriek!
The wolf spider's many legs skitter.
Being near the torpor snail leaves you feeling lethargic.
The demonic crawler misses you.
The demonic crawler completely misses you.
The demonic crawler closely misses you. The wolf spider closely misses you.
The wolf spider bites you!
You are poisoned.
The wolf spider poisons you!
The demonic crawler completely misses you.
The demonic crawler hits you!
The demonic crawler completely misses you.
You feel extremely sick.
The wolf spider completely misses you. x2; The wolf spider hits you!
* * * LOW HITPOINT WARNING * * *
The wolf spider completely misses you.
* * * LOW HITPOINT WARNING * * *
You feel very sick. The demonic crawler hits you.
* * * LOW HITPOINT WARNING * * *
The demonic crawler misses you.
The demonic crawler completely misses you.
The wolf spider hits you!
You die...
Your body crumbles into a pile of gold.

#....#####|#
#..####....##
###...###....# #
#....##.#..###
##..##/.#...# # .
#
#..####...###.#..
##
#..#.#........:..
#.
##...####ssw....#
##
#....#.##@.#.#.[.
# #.##...#..####
.# ###...##...
###..#####
#...###..
####..##...
#.#...#..ยง### .#
#...#.#.....#...#
#...#####s......#


You could see a torpor snail, a demonic crawler and a wolf spider.

Vanquished Creatures
  An ettin (Orc:1)
  Sonja (Orc:1)
  A blink frog (Lair:4)
  A shadow (D:9)
  A steam dragon (D:6)
  A sky beast (D:7)
  A killer bee (Lair:4)
  3 electric eels (Lair:2)
  2 orcs (Orc:2)
  A giant cockroach (D:4)
  2 hobgoblins
  3 jackals (D:3)
  2 ball pythons (D:3)
  4 bats
24 creatures vanquished.

Vanquished Creatures (collateral kills)
  Harold (Lair:1)
  3 hydras
  A two-headed ogre (Orc:1)
  A tengu warrior (D:9)
  8 death yaks
  2 orc high priests (Orc:2)
  An orb spider (Lair:2)
  A lindwurm (Lair:5)
  3 orc knights (Orc:2)
  5 orc sorcerers
  6 elephants
  A merfolk siren (Lair:2)
  2 black mambas
  3 molten gargoyles (Lair:5)
  8 cane toads
  11 komodo dragons
  A torpor snail (Lair:3)
  2 rime drakes
  3 meliai (Lair:4)
  A queen bee (Lair:4)
  3 polar bears
  29 blink frogs
  A jumping spider (Spider:1)
  2 culicivoras (Spider:1)
  23 yaks
  9 wyverns
  Eustachio (D:5)
  A steam dragon (Lair:2)
  9 basilisks
  2 redbacks (Spider:1)
  An acid dragon (D:8)
  2 wargs (Orc:1)
  10 water moccasins
  3 hell hounds (Lair:5)
  17 orc warriors
  2 sky beasts (D:7)
  An ice beast (D:8)
  6 ogres
  7 wolves (Lair:1)
  A centaur (D:8)
  2 kobold brigands
  13 bullfrogs
  A scorpion (D:4)
  A wight (D:9)
  28 killer bees (Lair:4)
  A howler monkey (D:6)
  7 lava snakes
  6 hounds
  3 jellies
  13 orc priests
  An iguana (D:5)
  19 orc wizards
  A hell rat (Lair:4)
  4 gnolls (D:6)
  6 adders
  2 shadow imps (D:5)
  2 ufetubi (D:5)
  2 worms
  2 dart slugs (D:3)
  47 orcs
  2 endoplasms
  2 hobgoblins (D:2)
  8 jackals (D:5)
  A ball python (D:1)
  A bat (D:2)
  A frilled lizard (D:2)
  4 goblins
  9 kobolds
  6 rats
389 creatures vanquished.

Vanquished Creatures (others)
  4 hydras
  A boulder beetle (Lair:5)
  4 death yaks
  2 two-headed ogres
  An orc high priest (Orc:2)
  An orc knight (Orc:2)
  2 black mambas (Lair:4)
  5 elephants
  2 cane toads (Lair:4)
  4 komodo dragons (Lair:5)
  A tarantella (Spider:1)
  3 blink frogs
  A shadow (D:9)
  8 yaks
  A basilisk (Lair:2)
  2 steam dragons
  A water moccasin (D:7)
  2 orc warriors
  3 ice beasts
  A black bear (D:6)
  2 centaurs
  A kobold brigand (D:9)
  A bullfrog (Lair:1)
  2 wights (D:9)
  7 killer bees
  A hound (D:6)
  A gnoll bouda (D:6)
  An orc priest (Orc:2)
  A gnoll (D:6)
  4 kobolds (D:9)
  47 fungi
  66 plants
183 creatures vanquished.

Grand Total: 596 creatures vanquished

Notes
Turn   | Place    | Note
-------+----------+-------------------------------------------
     0 | D:1      | croobank the Felid Summoner began the quest for the Orb.
     0 | D:1      | Reached XP level 1. HP: 7/7 MP: 4/4
   599 | D:1      | Reached skill level 3 in Dodging
   631 | D:1      | Reached XP level 2. HP: 11/11 MP: 6/6
   782 | D:2      | Learned a level 2 spell: Call Imp
  1228 | D:2      | Reached XP level 3. HP: 13/14 MP: 4/7
  1599 | D:2      | Identified the +0 leather armour "Ororez" {Dex+3}
  2200 | D:3      | Learned a level 3 spell: Call Canine Familiar
  2576 | D:3      | Found a shimmering blue altar of Sif Muna.
  2620 | D:4      | Noticed a kobold brigand
  2643 | D:4      | Killed a kobold brigand
  2644 | D:4      | Reached skill level 4 in Dodging
  2644 | D:4      | Reached XP level 4. HP: 18/18 MP: 7/9
  2669 | D:4      | Noticed a scorpion
  2680 | D:4      | Killed a scorpion
  2681 | D:4      | Reached XP level 5. HP: 21/21 MP: 7/10
  2685 | D:4      | Learned a level 3 spell: Summon Guardian Golem
  2760 | D:4      | Reached skill level 1 in Hexes
  2857 | D:4      | Found a runed translucent door.
  2858 | D:4      | Noticed Crazy Yiuf
  2892 | D:4      | Reached skill level 1 in Fighting
  2892 | D:4      | Reached skill level 5 in Summonings
  2892 | D:4      | Gained mutation: You are covered in thick fur. (AC +2)
                  | [Felid growth]
  2892 | D:4      | Reached XP level 6. HP: 25/25 MP: 11/11
  3164 | D:5      | Entered Level 5 of the Dungeon
  3280 | D:5      | Reached skill level 5 in Dodging
  3286 | D:5      | Noticed an ice beast
  3313 | D:5      | Killed an ice beast
  3314 | D:5      | Reached XP level 7. HP: 29/29 MP: 10/13
  3338 | D:5      | Found a runed translucent door.
  3338 | D:5      | Noticed plokij's ghost (novice MiFi)
  3927 | D:5      | Noticed Eustachio
  4415 | D:6      | Noticed a steam dragon
  4507 | D:6      | Reached skill level 6 in Dodging
  4867 | D:6      | Killed from afar by a steam dragon
  4868 | D:6      | Reached XP level 6. HP: -10/27 MP: 12/13
  4880 | D:6      | Reached XP level 7. HP: 31/31 MP: 11/14
  5114 | D:5      | Found a radiant altar of Vehumet.
  5119 | D:5      | Found a broken altar of Ashenzari.
  5121 | D:5      | Found a hide-covered altar of Uskayaw.
  5121 | D:5      | Found a burning altar of Makhleb.
  5122 | D:5      | Found a hazy altar of Hepliaklqana.
  5125 | D:5      | Found a shadowy altar of Dithmenos.
  5299 | D:5      | Killed Eustachio
  5770 | D:6      | Gained mutation: Your magical capacity is low. (-10% MP)
                  | [potion of mutation]
  5770 | D:6      | Gained mutation: Your flesh is cold resistant. (rC+)
                  | [potion of mutation]
  5825 | D:6      | Found an iron altar of Okawaru.
  6173 | D:6      | HP: 2/46 [steam dragon/ball of steam (10)]
  6178 | D:6      | Killed a steam dragon
  6179 | D:6      | Reached skill level 5 in Hexes
  6531 | D:6      | Found a blossoming altar of Fedhas.
  6792 | D:7      | Found a staircase to the Ecumenical Temple.
  6819 | Temple   | Entered the Ecumenical Temple
  6934 | Temple   | Became a worshipper of Gozag Ym Sagoz the Greedy
  6964 | D:7      | Reached skill level 7 in Dodging
  6967 | D:7      | Reached XP level 8. HP: 24/36 MP: 14/14
  7052 | D:7      | Reached skill level 5 in Spellcasting
  7263 | D:7      | Got Hongiuc's Almanac of the Storm
  7269 | D:7      | Learned a level 4 spell: Summon Lightning Spire
  7655 | D:7      | Reached skill level 1 in Air Magic
  8274 | D:8      | Noticed a two-headed ogre
  8333 | D:8      | Slain by a bullfrog
  8334 | D:8      | Reached XP level 7. HP: -1/33 MP: 11/14
  8419 | D:8      | Reached skill level 8 in Dodging
  8616 | D:8      | Reached XP level 8. HP: 36/36 MP: 15/15
  8768 | D:8      | Found a transporter.
  8770 | D:8      | Found a transporter.
  8772 | D:8      | Found a transporter.
  8848 | D:8      | Reached skill level 5 in Fighting
  9040 | D:8      | Identified the +5 whip of the Dragonfly {vorpal, Will+}
  9229 | D:8      | Killed a two-headed ogre
  9230 | D:8      | Reached XP level 9. HP: 41/41 MP: 17/17
  9389 | D:8      | Reached skill level 9 in Dodging
  9891 | D:8      | Found a transporter.
  9910 | D:8      | Identified a scroll of acquirement
  9910 | D:8      | Acquired the ring of the Slashing Hero {*Slow rPois rF+ rN+
                  | Int+2}
 10107 | D:9      | Found a runed translucent door.
 10126 | D:9      | Found a runed translucent door.
 10517 | D:9      | Found a runed translucent door.
 10527 | D:9      | Found a staircase to the Orcish Mines.
 11030 | D:9      | Found a staircase to the Lair.
 11187 | D:9      | Found a runed translucent door.
 11367 | D:10     | Entered Level 10 of the Dungeon
 11500 | D:10     | Noticed a tengu warrior
 11500 | D:10     | Noticed a tengu warrior
 11870 | D:9      | Killed a tengu warrior
 12287 | Lair:1   | Entered Level 1 of the Lair of Beasts
 12287 | Lair:1   | Noticed a komodo dragon
 12299 | Lair:1   | Killed a komodo dragon
 12300 | Lair:1   | Reached XP level 10. HP: 46/46 MP: 12/19
 12382 | Lair:1   | Reached skill level 10 in Dodging
 12497 | Lair:1   | Noticed a cane toad
 12507 | Lair:1   | Killed a cane toad
 12533 | Lair:1   | Noticed Harold
 12546 | Lair:1   | Killed Harold
 12575 | Lair:1   | Reached skill level 5 in Air Magic
 13236 | Lair:1   | Noticed a five-headed hydra
 13248 | Lair:1   | Killed a five-headed hydra
 13249 | Lair:1   | Reached XP level 11. HP: 50/50 MP: 16/21
 13594 | Lair:2   | Reached skill level 11 in Dodging
 14135 | Lair:2   | Found a staircase to the Shoals.
 14175 | Lair:2   | Noticed a four-headed hydra
 14182 | Lair:2   | Killed a four-headed hydra
 14224 | Lair:2   | Found a hole to the Spider Nest.
 14224 | Lair:2   | Noticed an orb spider
 14230 | Lair:2   | Killed an orb spider
 14292 | Lair:2   | Noticed a death yak
 14306 | Lair:2   | Killed a death yak
 14333 | Lair:2   | Noticed a death yak
 14336 | Lair:2   | Noticed a death yak
 14337 | Lair:2   | Noticed a death yak
 14340 | Lair:2   | Killed a death yak
 14340 | Lair:2   | Noticed a death yak
 14351 | Lair:2   | Reached skill level 10 in Summonings
 14355 | Lair:2   | Reached skill level 12 in Dodging
 14580 | Lair:2   | Killed a death yak
 14591 | Lair:2   | Killed a death yak
 14605 | Lair:2   | Killed a death yak
 14606 | Lair:2   | Gained mutation: Your thick and shaggy fur keeps you warm.
                  | (AC +3, rC+) [Felid growth]
 14606 | Lair:2   | Reached XP level 12. HP: 56/56 MP: 18/23
 15630 | Lair:3   | You fall into a shaft and drop 1 floor!
 15812 | Lair:3   | Noticed a six-headed hydra
 15935 | Lair:3   | Killed a six-headed hydra
 16267 | Lair:3   | Reached skill level 13 in Dodging
 17502 | Lair:4   | Reached skill level 10 in Fighting
 17531 | Lair:4   | Noticed a five-headed hydra
 17545 | Lair:4   | Killed a five-headed hydra
 17585 | Lair:4   | Reached skill level 10 in Spellcasting
 17585 | Lair:4   | Reached XP level 13. HP: 61/61 MP: 25/25
 17672 | Lair:4   | Found a runed translucent door.
 17673 | Lair:4   | Found a staircase to the Slime Pits.
 17909 | Lair:4   | Reached skill level 14 in Dodging
 18495 | Lair:4   | Identified the +3 cloak "Yruipief" {rCorr Dex+2}
 19238 | Lair:5   | Entered Level 5 of the Lair of Beasts
 19326 | Lair:5   | Reached skill level 15 in Dodging
 20857 | Lair:5   | Reached skill level 1 in Transmutations
 20906 | Lair:5   | Reached skill level 10 in Air Magic
 20932 | Lair:5   | Found a large runed translucent door.
 21337 | Lair:5   | Reached XP level 14. HP: 68/68 MP: 26/26
 21446 | Lair:5   | Found a large runed translucent door.
 21843 | Lair:5   | Reached skill level 16 in Dodging
 22536 | Orc:1    | Entered Level 1 of the Orcish Mines
 23162 | Orc:1    | Noticed Sonja
 23174 | Orc:1    | Killed Sonja
 23334 | Orc:2    | Entered Level 2 of the Orcish Mines
 23527 | Orc:2    | Found a staircase to the Elven Halls.
 24846 | Orc:2    | HP: 2/69 [sixfirhy[an orc high priest] (11)]
 26336 | Orc:2    | Reached skill level 5 in Transmutations
 26588 | Orc:2    | Found Ommay's Jewellery Shoppe.
 26588 | Orc:2    | Found Uddesk's Distillery.
 26590 | Orc:2    | Found Anefiof Xoakk's General Store.
 26590 | Orc:2    | Found Xeodd's Antique Armour Shop.
 26601 | Orc:2    | Bought a potion of cancellation for 96 gold pieces
 26601 | Orc:2    | Bought a potion of resistance for 120 gold pieces
 26601 | Orc:2    | Bought a potion of heal wounds for 60 gold pieces
 26601 | Orc:2    | Bought a potion of mutation for 96 gold pieces
 26601 | Orc:2    | Bought a potion of mutation for 96 gold pieces
 26601 | Orc:2    | Bought a potion of haste for 120 gold pieces
 26610 | Orc:2    | Lost mutation: Your magical capacity is low. (-10% MP)
                  | [potion of mutation]
 26610 | Orc:2    | Lost mutation: Your flesh is cold resistant. (rC+) [potion
                  | of mutation]
 26610 | Orc:2    | Gained mutation: You are frail. (-10% HP) [potion of
                  | mutation]
 26610 | Orc:2    | Gained mutation: Your spells are a little harder to cast,
                  | but a little more powerful. [potion of mutation]
 26610 | Orc:2    | Gained mutation: Your mind is acute. (Int +4, Str/Dex -1)
                  | [potion of mutation]
 26612 | Orc:2    | Lost mutation: You are frail. (-10% HP) [potion of
                  | mutation]
 26612 | Orc:2    | Lost mutation: Your spells are a little harder to cast, but
                  | a little more powerful. [potion of mutation]
 26612 | Orc:2    | Lost mutation: Your mind is acute. (Int +4, Str/Dex -1)
                  | [potion of mutation]
 26612 | Orc:2    | Gained mutation: You sometimes lose your temper in combat.
                  | [potion of mutation]
 26612 | Orc:2    | Gained mutation: You are partially covered in iridescent
                  | scales. (AC +2) [potion of mutation]
 26612 | Orc:2    | Gained mutation: You occasionally lose the ability to read
                  | scrolls when taking damage. [potion of mutation]
 26613 | Orc:2    | Lost mutation: You occasionally lose the ability to read
                  | scrolls when taking damage. [potion of mutation]
 26613 | Orc:2    | Lost mutation: You are partially covered in iridescent
                  | scales. (AC +2) [potion of mutation]
 26613 | Orc:2    | Lost mutation: You sometimes lose your temper in combat.
                  | [potion of mutation]
 26613 | Orc:2    | Gained mutation: Your magical capacity is low. (-10% MP)
                  | [potion of mutation]
 26808 | Spider:1 | Entered Level 1 of the Spider Nest
 27106 | Spider:1 | Slain by a redback
 27107 | Spider:1 | Reached XP level 13. HP: -1/65 MP: 15/25
 27165 | Spider:1 | HP: 1/65 [wolf spider (9)]
 27171 | Spider:1 | Mangled by a wolf spider
 27172 | Spider:1 | Reached XP level 12. HP: -10/61 MP: 17/24
 27320 | Spider:1 | Slain by a wolf spider

Illustrated notes

Levels and vault maps discovered:
D:1:      lemuel_arrival_tunnels, layout_rooms
D:2:      layout_basic, serial_bayou_pond_b, minmay_tromino_v4_a
D:3:      layout_basic, kennysheep_orc_sif_temple
D:4:      layout_basic, uniq_crazy_yiuf_cottage
D:5:      layout_basic, minitemple, gammafunk_ghost_grave, uniq_eustachio
D:6:      layout_loops_ring, nicolae_overflow_crystal_walls, okawaru_trees_1
D:7:      layout_cave_pools, minmay_temple_entry_arrows,
          kennysheep_generic_room_5
D:8:      layout_loops_corners, nicolae_diode_quadrants
D:9:      layout_basic, lair_entry_dummy, orc_0_dummy,
          minmay_statue_crystal_thing
D:10:     layout_stronghold, tgw_kikubaaqudgha
Temple:   hellmonk_temple_flake
Lair:1:   beast_lair_carwin_large_3, layout_cave_pods, uniq_harold
Lair:2:   layout_regular_city, minmay_shoals_entry_lonely_mermaid,
          nicolae_spider_entry_orb_guardian, fungi_pond_lemuel,
          chequers_serial_rivers_micro_e, nicolae_lair_liquid_snakes
Lair:3:   layout_gridlike
Lair:4:   regret_index_bee_streams, layout_small_grid, slime_entry_2,
          serial_bayou_shore_b
Lair:5:   cheibrodos_lair_end_hotspot, layout_concentric_octagons,
          chequers_serial_rivers_small_3, nicolae_lair_grove_arrangements
Spider:1: layout_spider_delve
Orc:1:    layout_diamond_mine, basic_altar, uniq_sonja
Orc:2:    grunt_orc_tribal_feast, layout_caves

Skill      XL: |  1  2  3  4  5  6  7  8  9 10 11 12 13 14 |
---------------+-------------------------------------------+-----
Stealth        | 3 4 |  4.7
Dodging        | 3 4 5 8 9 10 12 13 15 16 | 16.6
Spellcasting   | 3 4 6 7 8 10 | 10.4
Hexes          | 1 2 5 |  5.0
Fighting       | 1 3 2 5 6 7 8 10 11 12 | 12.5
Summonings     | 5 6 7 8 9 10 | 10.0
Air Magic      | 3 4 5 6 8 10 | 10.8
Transmutations | 2 5 |  5.1

Action                   |  1- 3 |  4- 6 |  7- 9 | 10-12 | 13-15 || total
-------------------------+-------+-------+-------+-------+-------++-------
Melee: Unarmed           |    27 |     7 |    42 |    19 |    35 ||   130
       Bite              |     2 |     2 |     3 |     1 |     8 ||    16
       Punch             |       |       |     1 |       |     1 ||     2
 Cast: Summon Small Mamm |    40 |    11 |    84 |    33 |    29 ||   197
       Call Imp          |     9 |     5 |    10 |     5 |     4 ||    33
       Call Canine Famil |     3 |    11 |    55 |    24 |    51 ||   144
       Summon Guardian G |       |     1 |    49 |    29 |    47 ||   126
       Summon Lightning  |       |       |    11 |    64 |   154 ||   229
Invok: Potion Petition   |       |       |       |       |     2 ||     2
Evoke: Wand              |       |       |       |     6 |     6 ||    12
  Use: Scroll            |     4 |     9 |     8 |     4 |     7 ||    32
       Potion            |     2 |       |     5 |     3 |     5 ||    15
 Stab: Distracted        |     1 |       |     2 |       |     1 ||     4
       Sleeping          |     1 |       |     1 |     1 |     2 ||     5
       Paralysed         |       |       |       |       |     2 ||     2
Armor: Skin              |    29 |     1 |    36 |     2 |    14 ||    82
Dodge: Dodged            |    53 |    14 |   163 |   114 |   361 ||   705
